 Dungeon Crawl Stone Soup version 0.27.1 (webtiles) character file.

Game seed: 10503996617786518374

33404 Marmelada001 the Unseen (level 13, -1/121 HPs)
             Began as a Naga Ice Elementalist on Aug 28, 2021.
             Was the Champion of Cheibriados.
             Slain by Rupert (4 damage)
             ... on level 5 of the Lair of Beasts on Aug 29, 2021.
             The game lasted 01:12:41 (23894 turns).

Marmelada001 the Unseen (Naga Ice Elementalist)    Turns: 23894, Time: 01:12:42

Health: -1/121     AC: 10    Str: 25    XL:     13   Next: 70%
Magic:  32/35      EV: 11    Int: 35    God:    Cheibriados [******]
Gold:   1369       SH:  0    Dex: 28    Spells: 13/30 levels left

rFire    . . .     SeeInvis +   n - +0 dagger (elec)
rCold    . . .     Faith    .   (no shield)
rNeg     . . .     Spirit   .   A - +1 steam dragon scales
rPois    +         Reflect  .   s - +1 hat {Stlth+}
rElec    .         Harm     .   m - +0 cloak
rCorr    +         Rampage  .   e - +0 pair of gloves
Will     +....                  (no barding)
Stlth    ++++++++..             (no amulet)
HPRegen  0.30/turn              p - ring of magical power
MPRegen  0.24/turn              v - ring of resist corrosion

@: very slow
A: AC +4, large, see invisible, deformed body, poison resistance, slowness 2,
spit poison 1, naga tail 2
a: Spit Poison, Renounce Religion, Bend Time, Temporal Distortion, Slouch, Step
From Time


You were on level 5 of the Lair of Beasts.
You worshipped Cheibriados.
Cheibriados was exalted by your worship.
You visited 4 branches of the dungeon, and saw 20 of its levels.
You also visited: Sewer and Ice Cave.

You collected 1369 gold pieces.

Inventory:

Hand Weapons
 g - a +0 dagger
 i - a +2 dagger of venom
 n - a +0 dagger of electrocution (weapon)
Missiles
 b - a boomerang of dispersal (quivered)
Armour
 a - a +0 robe
 e - a +0 pair of gloves (worn)
 m - a +0 cloak (worn)
 s - a +1 hat of stealth (worn)
 A - +1 steam dragon scales (worn)
 B - a +0 helmet
 K - a +0 troll leather armour
Jewellery
 p - a ring of magical power (left hand)
 r - an amulet of guardian spirit
 v - a ring of resist corrosion (right hand)
 y - the ring of Moderation {rPois rF+ Str+2 Slay+2 Stlth-}
   (You found it on level 12 of the Dungeon)

   [ring of poison resistance]

   Str:       It affects your strength (+2).
   Slay:      It affects your accuracy & damage with ranged weapons and melee
   (+2).
   rF:        It protects you from fire.
   rPois:     It protects you from poison.
   Stlth:     It makes you less stealthy.
 F - a ring of flight
 G - a +6 ring of dexterity
 H - a +4 ring of evasion
Wands
 o - a wand of iceblast (6)
 x - a wand of digging (10)
 O - a wand of flame (9)
 Q - a wand of mindburst (6)
Scrolls
 h - a scroll of fear
 j - a scroll of summoning {unknown}
 t - 2 scrolls of enchant weapon
 u - 2 scrolls of acquirement {unknown}
 w - 3 scrolls of enchant armour
 I - a scroll of magic mapping {unknown}
 L - 3 scrolls of teleportation
 M - 3 scrolls of identify
 P - a scroll of fog
 R - a scroll of amnesia {unknown}
Potions
 c - a potion of heal wounds
 d - 5 potions of degeneration
 f - 4 potions of curing
 k - 3 potions of cancellation
 l - 4 potions of flight
 q - a potion of ambrosia
 z - a potion of attraction {unknown}
 C - 2 potions of invisibility
 D - a potion of might {unknown}
 E - 2 potions of brilliance {unknown}
 J - 4 potions of lignification {unknown}
 N - a potion of haste {unknown}


   Skills:
 + Level 9.4 Fighting
 - Level 1.7 Dodging
 + Level 16.2 Stealth
 - Level 0.1 Unarmed Combat
 + Level 9.0 Spellcasting
 - Level 6.4 Conjurations
 - Level 5.0 Hexes
 - Level 6.0 Summonings
 - Level 9.0 Ice Magic
 * Level 0.0 Invocations
 - Level 8.6 Evocations


You had 13 spell levels left.
You knew the following spells:

 Your Spells              Type           Power      Damage    Failure   Level
a - Freeze                Ice            100%       1d11      1%          1
b - Frozen Ramparts       Ice            100%       1d12      1%          3
c - Hailstorm             Conj/Ice       63%        3d13      1%          4
d - Summon Ice Beast      Ice/Summ       62%        N/A       1%          4
e - Summon Mana Viper     Hex/Summ       53%        N/A       8%          5

Your spell library contained the following spells:

 Spells                   Type           Power      Damage    Failure   Level
 Static Discharge         Conj/Air       38%        N/A       1%          2
 Call Canine Familiar     Summ           55%        N/A       1%          3
 Ozocubu's Armour         Ice            68%        N/A       1%          3
 Sandblast                Erth           30%        2d9       2%          1
 Portal Projectile        Hex/Tloc       66%        N/A       3%          3
 Passwall                 Tmut/Erth      12%        N/A       4%          2
 Ice Form                 Ice/Tmut       47%        N/A       4%          4
 Sticky Flame             Conj/Fire      38%        2d6       8%          4
 Leda's Liquefaction      Hex/Erth       16%        N/A       10%         4
 Summon Forest            Summ/Tloc      18%        N/A       22%         5
 Dispel Undead            Necr           15%        3d10      26%         4
 Shadow Creatures         Summ           N/A        N/A       34%         6
 Lee's Rapid Deconstruct  Erth           7%         3d8*      58%         5
 Summon Hydra             Summ           27%        N/A       89%         7
 Eringya's Noxious Bog    Tmut/Pois      7%         N/A       99%         6


Dungeon Overview and Level Annotations

Branches:
Dungeon (12/15)            Temple (1/1) D:4            Lair (5/6) D:11
 Shoals (0/4) Lair:2        Snake (0/4) Lair:2          Orc (2/2) D:11
  Sewer (visited)           IceCv (visited)
  Slime: Lair:5-6       Elf: Orc:2

Altars:
Ashenzari
Cheibriados
Dithmenos
Elyvilon
Fedhas
Hepliaklqana
Kikubaaqudgha
Makhleb
Nemelex Xobeh
Okawaru
Qazlal
Ru
Sif Muna
Trog
Uskayaw
Vehumet
Wu Jian
Xom
Yredelemnul
The Shining One
Beogh
Lugonu

Annotations:
D:3 2 runed translucent doors
D:4 2 runed translucent doors, raetorn's ghost, amateur DjWz
D:7 exclusion: vampire
D:9 exclusion: centaur warrior, Erica; Joseph
D:11 exclusion: boulder beetle, Snorg
D:12 exclusion: hydra
Lair:5 Rupert


Innate Abilities, Weirdness & Mutations

Your serpentine skin is tough. (AC +4)
You have supernaturally acute eyesight. (SInv)
Armour fits poorly on your strangely shaped body.
Your system is resistant to poisons. (rPois)
You cover ground very slowly.
You can spit poison.
You can use your snake-like lower body to constrict enemies.


Message History

You fail to use your ability.
The lindwurm bites you but does no damage.
The lindwurm claws you. The lindwurm completely misses you.
Rupert hits you with a +1 vorpal great sword!
Unknown command.
Unknown command.
Okay, then.
You feel much better. The lindwurm barely misses you.
The lindwurm claws you but does no damage.
The lindwurm barely misses you. Rupert yells loudly at you.
You resist with some effort.
Unknown command.
You fail to use your ability.
The lindwurm bites you.
The lindwurm claws you but does no damage. x2
Rupert barely misses you.
You fail to use your ability.
The lindwurm breathes flames at you. The blast of flame hits you.
Rupert hits you with a +1 vorpal great sword!
Unknown command.
Unknown command.
You fail to use your ability.
The lindwurm bites you!
The lindwurm claws you but does no damage.
The lindwurm completely misses you.
Rupert roars madly and goes into a rage!
Rupert goes berserk!
You fail to use your ability.
The lindwurm closely misses you.
The lindwurm claws you but does no damage. x2
Rupert hits you with a +1 vorpal great sword!!!
* * * LOW HITPOINT WARNING * * *
x2 Unknown command.
Unknown command.
Okay, then.
Okay, then.
Okay, then.
You fail to use your ability.
Rupert hits you with a +1 vorpal great sword!
* * * LOW HITPOINT WARNING * * *
You die...

................
.................
.................
.................
................
...........# ..
###P.......# #..#
##......k##..#
#..#P...@@....# #
... #..†..#.#..#..
...###...........P
...P.........P####
##..P#....#.P##
#..PPP......P.###..
.....P.....<.......
#.#..###..P....##P.
##### #########


You could see Rupert (berserk) and a lindwurm.

Vanquished Creatures
  3 hydras
  A two-headed ogre (D:10)
  Sonja (Lair:4)
  2 orc sorcerers (Orc:1)
  Maurice (D:9)
  A black mamba (Lair:1)
  5 cane toads
  4 komodo dragons
  2 rime drakes
  An entropy weaver simulacrum (IceCv)
  A troll (Orc:1)
  3 polar bears
  2 dream sheep (Lair:3)
  A snapping turtle (Lair:2)
  8 blink frogs
  2 slime creatures (IceCv)
  A shadow (D:11)
  36 yaks
  3 vampires
  2 wyverns
  2 steam dragons
  5 basilisks
  Menkaure (D:7)
  A demonic crawler simulacrum (IceCv)
  4 nagas (Lair:2)
  An acid dragon (D:10)
  Duvessa (D:7)
  10 water moccasins
  A sky beast (D:3)
  7 ogres
  An ugly thing simulacrum (IceCv)
  2 black bears
  11 orc warriors
  6 wolves (Lair:1)
  3 centaurs
  12 bullfrogs
  3 kobold brigands
  3 scorpions
  A glowing shapeshifter simulacrum (IceCv)
  A wyvern zombie (D:7)
  Dowan (D:7)
  A water moccasin skeleton (D:5)
  An electric eel (Lair:2)
  A howler monkey (D:8)
  6 centaur zombies
  A bullfrog zombie (D:6)
  A jelly (D:6)
  3 hounds
  11 orc priests
  2 centaur skeletons
  A bullfrog skeleton (D:5)
  Crazy Yiuf (D:3)
  A gnoll shaman (D:8)
  2 iguanas
  Ijyb (D:4)
  10 orc wizards
  5 hell rats (Lair:1)
  2 killer bee zombies
  A hound skeleton (D:4)
  2 howler monkey zombies
  Robin (D:2)
  4 gnolls (D:8)
  2 howler monkey skeletons
  3 adders
  16 river rats
  3 white imps (D:6)
  2 worms (D:2)
  A dart slug (D:5)
  31 orcs
  6 endoplasms
  5 giant cockroaches
  12 goblins
  9 hobgoblins
  A jackal (Sewer)
  17 kobolds
  12 quokkas
  10 ball pythons
  7 bats
  4 frilled lizards
  24 rats
380 creatures vanquished.

Vanquished Creatures (collateral kills)
  Gastronok (D:12)
  4 hydras
  A two-headed ogre (D:11)
  An ugly thing (D:12)
  2 cyclopes (D:11)
  3 cane toads
  An entropy weaver simulacrum (IceCv)
  A rime drake (D:12)
  3 komodo dragons
  A troll (D:11)
  A polar bear (Lair:3)
  5 dream sheep (Lair:3)
  9 blink frogs
  2 slime creatures (IceCv)
  2 wyverns (D:11)
  5 basilisks
  4 yaks
  An ugly thing simulacrum (IceCv)
  5 bullfrogs
  A gnoll sergeant (D:11)
  A glowing shapeshifter simulacrum (IceCv)
  An orc priest (D:11)
  3 gnolls (D:11)
58 creatures vanquished.

Vanquished Creatures (others)
  An entropy weaver simulacrum (IceCv)
  A bush (D:11)
  21 fungi
  44 plants
67 creatures vanquished.

Grand Total: 505 creatures vanquished

Notes
Turn   | Place    | Note
-------+----------+-------------------------------------------
     0 | D:1      | Marmelada001 the Naga Ice Elementalist began the quest for
                  | the Orb.
     0 | D:1      | Reached XP level 1. HP: 15/15 MP: 3/3
   372 | D:1      | Reached XP level 2. HP: 22/22 MP: 5/5
  1411 | D:2      | Reached XP level 3. HP: 28/28 MP: 2/6
  1445 | D:2      | Learned a level 3 spell: Frozen Ramparts
  1694 | D:2      | Noticed Robin
  1704 | D:2      | Killed Robin
  1947 | D:2      | Reached XP level 4. HP: 36/36 MP: 6/8
  1979 | D:2      | Learned a level 4 spell: Hailstorm
  2302 | D:3      | Found a faded altar of an unknown god.
  2468 | D:3      | Reached skill level 5 in Ice Magic
  2477 | D:3      | Reached skill level 1 in Conjurations
  2477 | D:3      | Reached XP level 5. HP: 37/42 MP: 0/9
  2635 | D:3      | Reached skill level 4 in Stealth
  2775 | D:3      | Found a large runed translucent door.
  2775 | D:3      | Found a large runed translucent door.
  2797 | D:3      | Noticed a sky beast
  2929 | D:3      | Found a runed translucent door.
  2930 | D:3      | Noticed Crazy Yiuf
  2937 | D:3      | Killed Crazy Yiuf
  3103 | D:3      | Noticed a black bear
  3155 | D:3      | Killed a black bear
  3156 | D:3      | Reached XP level 6. HP: 49/49 MP: 5/11
  3310 | D:3      | Killed a sky beast
  3311 | D:3      | Reached skill level 5 in Stealth
  3531 | D:3      | Found a corrupted altar of Lugonu.
  3615 | D:4      | Noticed Ijyb
  3934 | D:4      | Found a burning altar of Makhleb.
  4130 | D:4      | Reached XP level 7. HP: 53/55 MP: 12/12
  4138 | D:4      | Found a glowing drain.
  4146 | Sewer    | Entered a sewer
  4235 | Sewer    | Reached skill level 6 in Stealth
  4444 | Sewer    | Found a white marble altar of Elyvilon.
  4519 | D:4      | Killed Ijyb
  4845 | D:4      | Found a large runed translucent door.
  4845 | D:4      | Found a large runed translucent door.
  4847 | D:4      | Noticed raetorn's ghost (amateur DjWz)
  4898 | D:4      | Found a staircase to the Ecumenical Temple.
  5100 | Temple   | Entered the Ecumenical Temple
  5322 | Temple   | Became a worshipper of Cheibriados the Contemplative
  5420 | D:5      | Entered Level 5 of the Dungeon
  5845 | D:5      | Reached skill level 7 in Stealth
  5845 | D:5      | Reached XP level 8. HP: 60/62 MP: 10/14
  6823 | D:6      | Found a broken altar of Ashenzari.
  7045 | D:6      | Reached skill level 5 in Spellcasting
  7331 | D:6      | Reached skill level 8 in Stealth
  7590 | D:6      | Reached * piety under Cheibriados
  7591 | D:6      | Reached skill level 1 in Fighting
  8005 | D:7      | Noticed Menkaure
  8039 | D:7      | Found a hazy altar of Hepliaklqana.
  8246 | D:7      | Reached skill level 9 in Stealth
  8476 | D:7      | Killed Menkaure
  8477 | D:7      | Reached XP level 9. HP: 74/74 MP: 16/16
  8703 | D:7      | Noticed Duvessa
  8709 | D:7      | Killed Duvessa
  8710 | D:7      | Noticed Dowan
  8798 | D:7      | Killed Dowan
  9009 | D:7      | Found a sacrificial altar of Ru.
  9104 | D:7      | Found a radiant altar of Vehumet.
  9128 | D:7      | Reached ** piety under Cheibriados
  9146 | D:7      | Reached skill level 10 in Stealth
 10039 | D:8      | Noticed a four-headed hydra
 10044 | D:8      | Killed a four-headed hydra
 10045 | D:8      | Reached skill level 5 in Fighting
 10045 | D:8      | Reached skill level 11 in Stealth
 10045 | D:8      | Reached XP level 10. HP: 70/88 MP: 14/18
 10552 | D:9      | Noticed Joseph
 10573 | D:9      | Noticed Maurice
 10576 | D:9      | Killed Maurice
 10577 | D:9      | Noticed Erica
 10601 | D:9      | Noticed a centaur warrior
 10647 | D:9      | Reached *** piety under Cheibriados
 10997 | D:10     | Entered Level 10 of the Dungeon
 11014 | D:9      | Reached skill level 12 in Stealth
 11219 | D:10     | Reached skill level 5 in Conjurations
 11338 | D:10     | Learned a level 4 spell: Summon Ice Beast
 11352 | D:10     | Noticed a two-headed ogre
 11361 | D:10     | Killed a two-headed ogre
 11362 | D:10     | Reached skill level 1 in Summonings
 12569 | D:11     | Found a staircase to the Orcish Mines.
 12742 | D:11     | Reached skill level 13 in Stealth
 12742 | D:11     | Reached XP level 11. HP: 99/99 MP: 20/20
 12774 | D:11     | Reached **** piety under Cheibriados
 13014 | D:11     | Noticed a two-headed ogre
 13291 | D:11     | Killed a two-headed ogre
 13388 | D:11     | Noticed a boulder beetle
 13426 | D:11     | Reached skill level 1 in Evocations
 13438 | D:11     | Learned a level 5 spell: Summon Mana Viper
 13601 | D:11     | Found a staircase to the Lair.
 13613 | Lair:1   | Entered Level 1 of the Lair of Beasts
 13621 | Lair:1   | Reached ***** piety under Cheibriados
 13622 | Lair:1   | Reached skill level 1 in Hexes
 13683 | Lair:1   | Noticed a five-headed hydra
 13794 | Orc:1    | Entered Level 1 of the Orcish Mines
 14152 | Orc:1    | Noticed an orc sorcerer
 14156 | Orc:1    | Killed an orc sorcerer
 14633 | Orc:1    | Noticed an orc sorcerer
 14648 | Orc:1    | Killed an orc sorcerer
 14914 | Orc:2    | Entered Level 2 of the Orcish Mines
 14914 | Orc:2    | Noticed a centaur warrior
 14915 | Orc:2    | Noticed an orc sorcerer
 15592 | D:12     | Noticed a six-headed hydra
 15605 | D:12     | Identified the ring of Moderation {rPois rF+ Str+2 Slay+2
                  | Stlth-}
 15632 | D:12     | Noticed a white ugly thing
 15634 | D:12     | Noticed Gastronok
 15636 | D:12     | Noticed a nameless horror
 15656 | D:12     | Noticed a green ugly thing
 15666 | D:12     | Killed a green ugly thing
 15713 | D:12     | Found a frozen archway.
 15720 | D:12     | Reached skill level 14 in Stealth
 15736 | IceCv    | Entered an ice cave
 16135 | IceCv    | Reached XP level 12. HP: 105/110 MP: 10/22
 16570 | D:12     | Killed Gastronok
 16708 | D:11     | Reached skill level 5 in Summonings
 16864 | D:11     | Noticed Snorg
 16928 | Lair:1   | Killed a five-headed hydra
 16942 | Lair:1   | Reached skill level 5 in Hexes
 17436 | Lair:1   | Reached ****** piety under Cheibriados
 18300 | Lair:1   | Noticed an eight-headed hydra
 18356 | Lair:1   | Killed an eight-headed hydra
 19083 | Lair:2   | Noticed a six-headed hydra
 19087 | Lair:2   | Killed a six-headed hydra
 19088 | Lair:2   | Reached skill level 5 in Evocations
 19263 | Lair:2   | Reached skill level 15 in Stealth
 20194 | Lair:2   | Found a staircase to the Snake Pit.
 20233 | Lair:2   | Gained mutation: You can use your snake-like lower body to
                  | constrict enemies. [Naga growth]
 20233 | Lair:2   | Reached XP level 13. HP: 106/118 MP: 25/25
 20456 | Lair:2   | Found a staircase to the Shoals.
 20717 | Lair:2   | Identified the +1 robe of the Cricket {-Tele Str+3 Dex+4}
 22752 | Lair:4   | Reached skill level 16 in Stealth
 23202 | Lair:4   | Noticed Sonja
 23205 | Lair:4   | Killed Sonja
 23881 | Lair:5   | Noticed Rupert
 23894 | Lair:5   | HP: 3/121 [Rupert (12)]
 23894 | Lair:5   | Slain by Rupert

Illustrated notes

Levels and vault maps discovered:
D:1:      dpeg_arrival_boxorama, layout_basic
D:2:      layout_loops_cross, kennysheep_generic_room_16, uniq_robin
D:3:      due_chaos_kobolds, layout_loops_ring,
          hellmonk_ecumenical_altar_blasted, minmay_fountain_box,
          uniq_crazy_yiuf_cottage
D:4:      layout_rooms, nicolae_overflow_crystal_walls,
          minmay_temple_entry_junction, ebering_ghost_disaster_area,
          portal_sewer_entry_b, minmay_fractal_squares_5, uniq_ijyb
D:5:      layout_basic
D:6:      layout_cave_pods, ashenzari_conservatory_becter, corexii_shack
D:7:      layout_loops_cross, mainiacjoe_overflow_catwalk, vehumet_statue,
          general_overflow_altar, uniq_menkaure, uniq_duvessa, uniq_harold
D:8:      layout_loops_ring, serial_aquarium, aquarium_bridge_square
          [aquarium_subvault_balcony, aquarium_subvault_bridge,
          aquarium_subvault_bridge, aquarium_subvault_wall],
          aquarium_bridge_square [aquarium_subvault_wall,
          aquarium_subvault_wall, aquarium_subvault_bridge,
          aquarium_subvault_window], aquarium_window_1, aquarium_window_2,
          aquarium_window_2, aquarium_view_2e, aquarium_view_2c
D:9:      layout_gridville, grunt_temple_overflow_gold_and_silver, serial_shops,
          nicolae_shop_behind_doors, uniq_joseph, uniq_maurice, uniq_erica
D:10:     layout_roguey, hangedman_decor_clover_reticule
D:11:     layout_gridville, minmay_lair_entry_grove,
          minmay_orc_entry_temple_small, hangedman_decor_slide_cut, st_stairs_3,
          uniq_snorg
D:12:     layout_roguey, portal_ice_cave_rime, serial_curves, eino_curves_01,
          eino_curves_04, nemelex_spade_bored_becter, uniq_gastronok
Temple:   regret_index_temple_generic_petals
Lair:1:   lemuel_ratsnest, layout_layer_cave
Lair:2:   layout_cave_pods, minmay_shoals_entry_hut,
          minmay_snake_entry_guardpost_small, infiniplex_staircase_pool
Lair:3:   layout_cave_pods, minmay_stone_trees_medium, guppyfry_lair_drakes
Lair:4:   layout_misc_corridors, grunt_megastairs_1, uniq_sonja
Lair:5:   gammafunk_indiana_jones, layout_regular_city, uniq_rupert
Orc:1:    layout_caves
Orc:2:    st_orc_rangers, layout_caves

Skill      XL: |  1  2  3  4  5  6  7  8  9 10 11 12 13 |
---------------+----------------------------------------+-----
Ice Magic      | 5 6 7 8 9 |  9.0
Spellcasting   | 3 4 5 6 7 8 9 |  9.0
Conjurations   | 1 2 3 4 5 6 |  6.4
Stealth        | 4 5 7 9 11 13 14 15 16 | 16.2
Fighting       | 2 5 6 7 8 9 |  9.4
Summonings     | 2 4 6 |  6.0
Evocations     | 3 6 8 |  8.6
Hexes          | 4 5 |  5.0
Dodging        | |  1.7
Unarmed Combat | |  0.1

Action                   |  1- 3 |  4- 6 |  7- 9 | 10-12 | 13-15 || total
-------------------------+-------+-------+-------+-------+-------++-------
Melee: Unarmed           |     5 |       |       |       |       ||     5
       Dagger            |     1 |    59 |   162 |   229 |    70 ||   521
       Constrict         |       |       |       |       |    21 ||    21
Throw: Boomerang         |       |     1 |       |       |       ||     1
 Cast: Freeze            |    28 |    10 |     9 |    37 |    10 ||    94
       Frozen Ramparts   |     1 |    12 |    26 |    31 |    10 ||    80
       Hailstorm         |       |       |     5 |    64 |    12 ||    81
       Summon Ice Beast  |       |       |       |    59 |    20 ||    79
       Summon Mana Viper |       |       |       |     9 |     6 ||    15
Invok: Slouch            |       |       |       |       |     3 ||     3
 Abil: Spit Poison       |    32 |    15 |    15 |     4 |       ||    66
Evoke: Wand              |       |       |     3 |    14 |     1 ||    18
  Use: Scroll            |       |     6 |     2 |    11 |       ||    19
       Potion            |       |       |     2 |     5 |     3 ||    10
 Stab: Sleeping          |     2 |     3 |     9 |    16 |     7 ||    37
       Distracted        |       |       |     1 |     2 |     2 ||     5
       Invisible         |       |       |       |     2 |       ||     2
Armor: Robe              |    11 |    28 |    33 |       |       ||    72
       Steam dragon scal |       |       |     8 |   187 |    43 ||   238
Dodge: Dodged            |    17 |    41 |    87 |   229 |    66 ||   440
